 Dungeon Crawl Stone Soup version 0.22-a0-402-ga933591 (webtiles) character file.

8429 Mgcat the Grappler (level 11, -14/115 HPs)
             Began as a Troll Berserker on May 7, 2018.
             Was a High Priest of Trog.
             Killed from afar by Erica (18 damage)
             ... with an orb of energy
             ... on level 10 of the Dungeon.
             The game lasted 00:26:20 (7178 turns).

Mgcat the Grappler (Troll Berserker)                Turns: 7178, Time: 00:26:21

Health: -14/115    AC:  7    Str: 29    XL:     11   Next: 9%
Magic:  10/10      EV:  9    Int:  4    God:    Trog [*****.]
Gold:   516        SH: 12    Dex:  9    Spells: 10/10 levels left

rFire    + . .     SeeInvis +     - Unarmed
rCold    . . .     Gourm    +   w - +0 shield
rNeg     . . .     Faith    .   v - +0 troll leather armour {regen}
rPois    .         Spirit   .   (helmet restricted)
rElec    .         Reflect  +   (no cloak)
rCorr    .         Harm     .   (gloves unavailable)
MR       ++...                  (boots unavailable)
Stlth    +.........             k - +2 amulet of reflection
HPRegen  2.09/turn              F - ring of see invisible {sInv, !d}
MPRegen  0.12/turn              l - ring of protection from fire {rF+, !d}

@: lethally poisoned (-14 -> -18), berserk cooldown, regenerating, hasted and
slowed
A: large, unfitting armour, claws 3, fast metabolism 3, gourmand, regeneration
1, shaggy fur 1, tough skin 2
a: Berserk, Trog's Hand, Brothers in Arms, Renounce Religion


You were on level 10 of the Dungeon.
You worshipped Trog.
Trog was extremely pleased with you.
You were very full.

You visited 1 branch of the dungeon, and saw 10 of its levels.

You collected 651 gold pieces.
You spent 135 gold pieces at shops.

Inventory:

Missiles
 t - 3 tomahawks (quivered)
Armour
 a - a +1 animal skin
 v - a +0 troll leather armour (worn) {regen}
   (You found it on level 9 of the Dungeon)
 w - a +0 shield (worn)
   (You found it on level 5 of the Dungeon)
Jewellery
 i - a +3 ring of evasion
   (You found it on level 9 of the Dungeon)
 k - a +2 amulet of reflection (around neck)
   (You bought it in a shop on level 5 of the Dungeon)
 l - a ring of protection from fire (right claw) {rF+, !d}
   (You found it on level 4 of the Dungeon)
 y - an uncursed ring of positive energy {rN+}
   (You found it on level 5 of the Dungeon)
 F - a ring of see invisible (left claw) {sInv, !d}
   (You found it on level 8 of the Dungeon)
 G - an uncursed ring of flight {+Fly, !d}
   (You found it on level 9 of the Dungeon)
Wands
 n - a wand of paralysis (10)
   (You found it on level 7 of the Dungeon)
 x - a wand of random effects (27)
   (You found it on level 5 of the Dungeon)
 C - a wand of digging (9)
   (You took it off a centaur on level 8 of the Dungeon)
Scrolls
 d - 4 scrolls of teleportation
 j - 2 scrolls of immolation {!r}
 z - 4 scrolls of identify
 B - 2 scrolls of remove curse
 E - a scroll of fear
Potions
 e - a potion of agility {unknown}
 f - a potion of ambrosia {unknown}
 g - 2 potions of mutation {unknown}
 h - 2 potions of degeneration {unknown}
 m - 3 potions of haste
 o - a potion of might {unknown}
 p - 2 potions of resistance {unknown}
 q - 5 potions of curing {unknown}
 r - a potion of lignification {unknown}
 s - a potion of magic {unknown}
 A - a potion of flight {unknown}
 D - 2 potions of experience {unknown}
Miscellaneous
 c - a fan of gales
   (You found it on level 8 of the Dungeon)
Comestibles
 b - 22 rations
 H - 13 chunks of flesh {@w0}


   Skills:
 + Level 9.5 Fighting
 + Level 3.2 Dodging
 + Level 6.2 Shields
 + Level 11.1 Unarmed Combat


You had 10 spell levels left.
You didn't know any spells.

Dungeon Overview and Level Annotations

Branches:
Dungeon (10/15)            Temple (0/1) D:5             Orc (0/2) D:10
   Lair: D:8-11

Altars:
Ashenzari
Dithmenos
Elyvilon
Fedhas
Hepliaklqana
Kikubaaqudgha
Makhleb
Okawaru
Qazlal
Trog
Vehumet
Wu Jian
Xom
Yredelemnul

Shops:
D:5 *

Annotations:
D:10 Erica


Innate Abilities, Weirdness & Mutations

You are too large for most types of armour.
You have claws for hands.
Your metabolism is lightning-fast.
You like to eat raw meat.
Your natural rate of healing is unusually fast.
You are covered in fur. (AC +1)
You have very tough skin. (AC +2)


Message History

Unknown command.
Unknown command.
Unknown command.
Unknown command.
Unknown command.
Unknown command.
Unknown command.
Your skin crawls.
You feel resistant to hostile enchantments.
You feel somewhat less full.
The worker ant twitches its antennae in your direction.
Some of the chunks of flesh in your inventory have rotted away.
A gargoyle comes into view. It is wielding a flail.
Erica points at you and mumbles some strange words.
The bolt of poison hits you!
You are poisoned.
A red film seems to cover your vision as you go berserk!
You feel yourself moving faster!
You feel mighty!
You feel sick. Erica casts a spell at you.
You are confused.
You feel a strong urge to attack something.
You feel sick.
You bump into the rock wall.
You feel sick.
You bump into the rock wall.
You feel your anger nearly subside.
You are no longer berserk.
You are exhausted.
You feel yourself slow down.
You bump into the rock wall.
You feel sick. Erica hits you but does no damage.
You bump into the rock wall.
You feel sick. Erica hits you but does no damage. Erica misses you.
You bump into the rock wall.
You feel less confused.
You feel sick.
Erica mumbles some strange words.
Erica flickers and vanishes!
Deactivating autopickup; reactivate with Ctrl-A.
You barely miss something.
You feel sick.
You hear some strange, mumbled words.
A bolt of poison appears from out of thin air!
The bolt of poison hits you!
You are more poisoned.
You mangle something!!
You feel sick. You block something's attack.
You miss something.
You feel sick. Something hits you.
You closely miss something.
You feel sick.
The gargoyle hurls a stone arrow at you.
The stone arrow hits something.
You hear some strange, mumbled words.
A bolt of poison appears from out of thin air!
The bolt of poison hits you!
You are more poisoned.
Something hits you! Something burns you.
You claw something!
You feel very sick.
The gargoyle hurls a stone arrow at you.
The stone arrow hits you!
* * * LOW HITPOINT WARNING * * *
Something hits you!
* * * LOW HITPOINT WARNING * * *
Something burns you.
* * * LOW HITPOINT WARNING * * *
Unknown command.
Unknown command.
Put on which piece of jewellery? (? for menu, Esc to quit)
You're wearing all the rings you can.
Remove which one? (? for menu, Esc to cancel) < or
i - a +3 ring of evasion > or
l - a ring of protection from fire {rF+, !d} You remove your +3 ring of evasion.
You feel sick.
Reactivating autopickup.
F - a ring of see invisible (left claw) {sInv, !d} You feel sick.
Erica screams, "I'll never tell where it is!"
Erica hits you with a scimitar of flaming.
* * * LOW HITPOINT WARNING * * *
You feel much better.
You feel very sick. Erica gestures at you while chanting.
The bolt of poison hits you!
You are more poisoned.
* * * LOW HITPOINT WARNING * * *
You feel much better.
You feel the effects of Trog's Hand fading.
You feel very sick.
Erica hits you with a scimitar of flaming!
* * * LOW HITPOINT WARNING * * *
You feel yourself speed up.
You feel very sick.
Erica points at you and mumbles some strange words.
The bolt of poison hits you!
You are more poisoned.
* * * LOW HITPOINT WARNING * * *
You block Erica's attack.
As you read the scroll of fear, it crumbles to dust.
You assume a fearsome visage.
Erica looks frightened!
The gargoyle is unaffected.
The worker ant looks frightened!
* * * LOW HITPOINT WARNING * * *
You feel very sick. Erica gestures at you while chanting.
The orb of energy hits you!
You die...

...# ...# ..?# ... ..
#.####? #....9# #@# # #@#
#. #.#
.##..##.################
........................
###..##.##.....#########
.#######.#...............
...?.....#......##...####
.[.......#.#######...#
#..#####.#.# #####


You could see Erica (fleeing) and a gargoyle.

Vanquished Creatures
  A two-headed ogre (D:8)
  An orange crystal statue (D:8)
  An ice statue (D:8)
  The ghost of Sergey the Insei, a novice TeWr (D:5)
  A troll (D:9)
  2 hippogriffs (D:9)
  A human (D:8)
  3 yaks (D:10)
  4 hogs (D:8)
  The ghost of Borgoz the Covered, an amateur GrFi (D:4)
  3 wargs (D:10)
  2 orc warriors
  3 ice beasts
  2 sky beasts
  A phantom (D:9)
  3 necrophages
  11 ogres
  4 centaurs
  A crocodile (D:9)
  3 big kobolds
  Blork the orc (D:4)
  3 bullfrogs
  A scorpion (D:6)
  5 killer bees (D:8)
  5 howler monkeys
  5 crimson imps
  A quasit (D:5)
  A bullfrog zombie (D:9)
  2 jellies
  2 orc priests
  A bullfrog skeleton (D:7)
  A gnoll shaman (D:5)
  5 hounds
  2 iguanas (D:7)
  10 orc wizards
  6 worker ants
  A hound zombie (D:6)
  A hound skeleton (D:6)
  7 gnolls
  10 adders
  A shadow imp (D:7)
  2 oozes
  An adder skeleton (D:8)
  A dart slug (D:1)
  7 leopard geckos
  28 orcs
  8 bats
  A bat zombie (D:4)
  4 giant cockroaches
  16 goblins
  12 hobgoblins
  14 jackals
  5 quokkas
  6 frilled lizards
  A jackal skeleton (D:7)
  30 kobolds
  A leopard gecko skeleton (D:6)
  8 rats
  3 rat zombies (D:4)
268 creatures vanquished.

Vanquished Creatures (others)
  An orc wizard (D:8)
  A quokka (D:6)
2 creatures vanquished.

Grand Total: 270 creatures vanquished

Notes
Turn   | Place    | Note
-------+----------+-------------------------------------------
     0 | D:1      | Mgcat the Troll Berserker began the quest for the Orb.
     0 | D:1      | Reached XP level 1. HP: 22/22 MP: 0/0
    73 | D:1      | Reached XP level 2. HP: 24/29 MP: 1/1
   413 | D:1      | Reached skill level 3 in Fighting
   422 | D:1      | Reached ** piety under Trog
   455 | D:1      | Reached XP level 3. HP: 35/37 MP: 2/2
   584 | D:2      | Found a shadowy altar of Dithmenos.
   785 | D:2      | Reached skill level 4 in Unarmed Combat
   811 | D:2      | Reached XP level 4. HP: 43/45 MP: 3/3
  1546 | D:3      | Reached *** piety under Trog
  1653 | D:3      | Reached XP level 5. HP: 51/54 MP: 4/4
  1825 | D:3      | Reached skill level 4 in Fighting
  1924 | D:3      | Found a bloodstained altar of Trog.
  2023 | D:3      | Found a radiant altar of Vehumet.
  2030 | D:3      | Reached skill level 5 in Unarmed Combat
  2031 | D:3      | Found a burning altar of Makhleb.
  2384 | D:4      | Reached XP level 6. HP: 63/63 MP: 5/5
  2399 | D:4      | Noticed Borgoz's ghost (amateur GrFi)
  2460 | D:4      | Killed Borgoz's ghost
  2492 | D:4      | Found a shattered altar of Ashenzari.
  2544 | D:4      | Reached skill level 5 in Fighting
  2544 | D:4      | Reached skill level 6 in Unarmed Combat
  2544 | D:4      | Reached XP level 7. HP: 50/72 MP: 6/6
  2588 | D:4      | HP: 15/72 [something/magic dart (10)]
  2678 | D:4      | HP: 26/108 [ogre/giant club (22)]
  2776 | D:4      | Found an ornate altar of the Wu Jian Council.
  3172 | D:4      | Noticed Blork the orc
  3177 | D:4      | Killed Blork the orc
  3177 | D:4      | Reached **** piety under Trog
  3250 | D:4      | Found an ancient bone altar of Kikubaaqudgha.
  3267 | D:5      | Entered Level 5 of the Dungeon
  3278 | D:5      | Found a staircase to the Ecumenical Temple.
  3285 | D:5      | Reached skill level 7 in Unarmed Combat
  3311 | D:5      | Reached skill level 6 in Fighting
  3311 | D:5      | Reached XP level 8. HP: 83/83 MP: 7/7
  3341 | D:5      | Noticed Sergey's ghost (novice TeWr)
  3369 | D:5      | Killed Sergey's ghost
  3432 | D:5      | Reached skill level 8 in Unarmed Combat
  3484 | D:5      | Reached skill level 7 in Fighting
  3614 | D:5      | Found a basalt altar of Yredelemnul.
  3688 | D:5      | Found Vapiotu's Assorted Antiques.
  3699 | D:5      | Bought a square platinum amulet for 135 gold pieces
  3958 | D:6      | Reached skill level 1 in Shields
  3993 | D:6      | Found a white marble altar of Elyvilon.
  4128 | D:6      | Found a blossoming altar of Fedhas.
  4234 | D:6      | Reached XP level 9. HP: 93/93 MP: 8/8
  4377 | D:6      | Reached skill level 2 in Shields
  4404 | D:6      | Reached ***** piety under Trog
  4404 | D:6      | Reached skill level 9 in Unarmed Combat
  4754 | D:7      | Reached skill level 3 in Shields
  4860 | D:7      | Found a stormy altar of Qazlal.
  5009 | D:7      | Received a gift from Trog
  5248 | D:8      | Noticed an orange crystal statue
  5304 | D:8      | Reached skill level 8 in Fighting
  5309 | D:8      | Reached skill level 4 in Shields
  5412 | D:8      | Reached XP level 10. HP: 85/105 MP: 9/9
  5447 | D:8      | Reached skill level 10 in Unarmed Combat
  5538 | D:8      | Found a shimmering altar of Xom.
  5656 | D:8      | Noticed an ice statue
  5699 | D:8      | Noticed a two-headed ogre
  5705 | D:8      | Killed a two-headed ogre
  5705 | D:8      | Reached skill level 5 in Shields
  5861 | D:8      | HP: 21/106 [ice statue] (27)]
  5861 | D:8      | HP: 10/106 [ice beast[an ice statue] (11)]
  5864 | D:8      | Killed an ice statue
  5996 | D:8      | Killed an orange crystal statue
  5996 | D:8      | Reached skill level 9 in Fighting
  6068 | D:9      | Found an iron altar of Okawaru.
  6284 | D:9      | Reached skill level 6 in Shields
  6284 | D:9      | Reached skill level 11 in Unarmed Combat
  6477 | D:9      | Found a hazy altar of Hepliaklqana.
  6895 | D:10     | Entered Level 10 of the Dungeon
  7052 | D:10     | Found a staircase to the Orcish Mines.
  7055 | D:10     | Reached skill level 3 in Dodging
  7059 | D:10     | Reached XP level 11. HP: 105/115 MP: 10/10
  7157 | D:10     | Noticed Erica
  7172 | D:10     | HP: 27/115 [gargoyle/stone arrow (17)]
  7172 | D:10     | HP: 11/115 [something (3)]
  7177 | D:10     | HP: 23/115 [poisoned by Erica (bolt of poison)]
  7177 | D:10     | HP: 5/115 [Erica/bolt of poison (18)]
  7178 | D:10     | Killed from afar by Erica

Vault maps used:
D:1:      mrwooster_arrival_statue, moated_statue
D:2:      lemuel_round_altar, minmay_misc_feat_room, minmay_mini_jars
D:3:      nicolae_overflow_hidden_temple,
          grunt_temple_overflow_lords_of_destruction, first_ration
D:4:      cheibrodos_greedy_goblins, overflow_temple_1_default,
          lemuel_zombie_altar_kikubaaqudgha, ashenzari_altar_1,
          uniq_blork_the_orc
D:5:      marbit_many_paths, minmay_temple_entry_mist, serial_shops,
          nicolae_shop_window_shopping
D:6:      lemuel_crystal_altar, elyvilon_altar_4, grunt_ministairs_11
D:7:      nicolae_qazlal_general_emergency
D:8:      minmay_separated_statues, lemuel_doored_altar, grunt_livestock
D:9:      kennysheep_mini_moat, kennysheep_okawaru_gauntlet
D:10:     lair_entry_dummy, minmay_orc_entry_guard_dogs, fedhas_altar_3,
          uniq_erica, uniq_grum, uniq_fannar, uniq_sonja, uniq_maurice

Skill      XL: |  1  2  3  4  5  6  7  8  9 10 |
---------------+-------------------------------+-----
Fighting       | 3 4 5 6 7 8 9 |  9.5
Unarmed Combat | 4 5 6 7 8 9 11 | 11.1
Shields        | 1 4 6 |  6.2
Dodging        | 3 |  3.2

Action                   |  1- 3 |  4- 6 |  7- 9 | 10-12 || total
-------------------------+-------+-------+-------+-------++-------
Melee: Unarmed           |   107 |   165 |   262 |   205 ||   739
       Punch             |       |     3 |    10 |     3 ||    16
Throw: Tomahawk          |       |       |       |    10 ||    10
Invok: Berserk           |       |     1 |    10 |     8 ||    19
       Trog's Hand       |       |     1 |       |     2 ||     3
  Use: Scroll            |       |       |     9 |     2 ||    11
       Potion            |       |       |       |     5 ||     5
  Eat: Chunk             |    13 |    17 |    36 |    24 ||    90
Armor: Animal skin       |    39 |    56 |    62 |    42 ||   199
       Troll leather arm |       |       |       |    11 ||    11
Dodge: Dodged            |    58 |    78 |   111 |    98 ||   345
Block: Other             |       |       |     9 |    11 ||    20
       Reflection        |       |       |     1 |     4 ||     5
       Shield            |       |       |       |    41 ||    41

Table legend:
 A = Spawn XP
 B = Non-spawn XP
 C = Spawn XP percentage of total XP
 D = Spawn monster count
 E = Non-spawn monster count
 F = Spawn count percentage of total count
 G = Total turns spent on level
                    A         B        C        D         E        F      G
               +---------+---------+-------+---------+---------+-------+---------
         Total |       0 |   12042 |   0.0 |       0 |     268 |   0.0 |  7178
               +---------+---------+-------+---------+---------+-------+---------
           D:1 |       0 |      45 |   0.0 |       0 |      26 |   0.0 |   552
           D:2 |       0 |     127 |   0.0 |       0 |      36 |   0.0 |   851
           D:3 |       0 |     176 |   0.0 |       0 |      21 |   0.0 |   793
           D:4 |       0 |     916 |   0.0 |       0 |      36 |   0.0 |  1071
           D:5 |       0 |    1055 |   0.0 |       0 |      19 |   0.0 |   616
           D:6 |       0 |    1211 |   0.0 |       0 |      26 |   0.0 |   779
           D:7 |       0 |     777 |   0.0 |       0 |      23 |   0.0 |   568
           D:8 |       0 |    4508 |   0.0 |       0 |      39 |   0.0 |   818
           D:9 |       0 |    1674 |   0.0 |       0 |      26 |   0.0 |   847
          D:10 |       0 |    1553 |   0.0 |       0 |      16 |   0.0 |   283
               +---------+---------+-------+---------+---------+-------+---------

Vault maps used:
D:1:      mrwooster_arrival_statue, moated_statue
D:2:      lemuel_round_altar, minmay_misc_feat_room, minmay_mini_jars
D:3:      nicolae_overflow_hidden_temple,
          grunt_temple_overflow_lords_of_destruction, first_ration
D:4:      cheibrodos_greedy_goblins, overflow_temple_1_default,
          lemuel_zombie_altar_kikubaaqudgha, ashenzari_altar_1,
          uniq_blork_the_orc
D:5:      marbit_many_paths, minmay_temple_entry_mist, serial_shops,
          nicolae_shop_window_shopping
D:6:      lemuel_crystal_altar, elyvilon_altar_4, grunt_ministairs_11
D:7:      nicolae_qazlal_general_emergency
D:8:      minmay_separated_statues, lemuel_doored_altar, grunt_livestock
D:9:      kennysheep_mini_moat, kennysheep_okawaru_gauntlet
D:10:     lair_entry_dummy, minmay_orc_entry_guard_dogs, fedhas_altar_3,
          uniq_erica, uniq_grum, uniq_fannar, uniq_sonja, uniq_maurice

Table legend:
 A = Turns spent in this place as a percentage of turns spent in the entire game.
 B = Non-inter-level travel turns spent in this place as a percentage of non-inter-level travel turns spent in the entire game.
 C = Inter-level travel turns spent in this place as a percentage of turns spent in this place.
 D = Turns resting spent in this place as a percentage of non-inter-level travel turns spent in this place.
 E = Turns spent auto-exploring this place as a percentage of non-inter-level travel turns spent in this place.
 F = Non-inter-level travel turns spent in this place divided by the number of levels of this place that you've seen.
                   A       B       C       D       E      F
               +-------+-------+-------+-------+-------+----------------------
         Total | 100.0 | 100.0 |   4.7 |   0.6 |  73.7 | 683.9
       Dungeon | 100.0 | 100.0 |   4.7 |   0.6 |  73.7 | 683.9
               +-------+-------+-------+-------+-------+----------------------

Table legend:
 A = Kills in this place as a percentage of kills in entire the game.
 B = Kills by you in this place as a percentage of kills by you in the entire game.
 C = Kills by friends in this place as a percentage of kills by friends in the entire game.
 D = Other kills in this place as a percentage of other kills in the entire game.
 E = Experience gained in this place as a percentage of experience gained in the entire game.
 F = Experience gained in this place divided by the number of levels of this place that you have seen.
                   A       B       C       D       E      F
               +-------+-------+-------+-------+-------+----------------------
         Total | 100.0 | 100.0 |   N/A |   N/A | 100.0 | 1204.2
       Dungeon | 100.0 | 100.0 |   N/A |   N/A | 100.0 | 1204.2
               +-------+-------+-------+-------+-------+----------------------
